 Dungeon Crawl Stone Soup version 0.27-a0-364-g31b3477 (webtiles) character file.

Game seed: 5642595196498942457

109 MrTaco21 the Cudgeller (level 4, 0/28 HPs)
             Began as a Gargoyle Fighter on Feb 16, 2021.
             Slain by a goblin
             ... wielding a +0 club
             ... led by Robin
              (3 damage)
             ... on level 3 of the Dungeon.
             The game lasted 00:02:05 (1308 turns).

MrTaco21 the Cudgeller (Gargoyle Fighter)           Turns: 1308, Time: 00:02:05

Health: 0/28       AC: 17    Str: 20    XL:     4   Next: 90%
Magic:  4/4        EV:  7    Int:  9    God:
Gold:   116        SH:  9    Dex:  9    Spells: 3/3 levels left

rFire    . . .     SeeInvis +   o - +1 mace (protect)
rCold    . . .     Faith    .   c - +0 kite shield
rNeg     + . .     Spirit   .   b - +0 scale mail
rPois    ∞         Reflect  .   (no helmet)
rElec    +         Harm     .   (no cloak)
rCorr    .         Rampage  .   (no gloves)
Will     .....                  (no boots)
Stlth    ..........             e - amulet of regeneration
HPRegen  1.09/turn              z - ring of see invisible
MPRegen  0.09/turn              (no ring)

@: protection aura
A: negative energy resistance 1, electricity resistance, unbreathing,
petrification resistance, miasma immunity, AC +3
a: no special abilities


You were on level 3 of the Dungeon.
You visited 1 branch of the dungeon, and saw 3 of its levels.

You collected 116 gold pieces.

Inventory:

Hand Weapons
 o - a +1 mace of protection (weapon)
   (You found it on level 2 of the Dungeon)
Missiles
 p - a throwing net (quivered) {!f}
Armour
 b - a +0 scale mail (worn)
 c - a +0 kite shield (worn)
Jewellery
 e - an amulet of regeneration (around neck)
   (You found it on level 1 of the Dungeon)
 z - a ring of see invisible (left hand)
   (You found it on level 1 of the Dungeon)
Scrolls
 f - a scroll of enchant weapon {unknown}
 j - 4 scrolls of identify {unknown}
 k - a scroll of fear {unknown}
 l - 2 scrolls of magic mapping {unknown}
 m - a scroll of amnesia {unknown}
 n - a scroll of random uselessness {unknown}
 q - a scroll of teleportation {unknown}
Potions
 d - 2 potions of might
 g - a potion of invisibility {unknown}
 h - a potion of ambrosia {unknown}
 i - a potion of curing {unknown}


   Skills:
 - Level 3.2 Fighting
 + Level 4.9 Maces & Flails
 - Level 3.2 Armour
 - Level 3.2 Shields


You had 3 spell levels left.
You didn't know any spells.
Your spell library was empty.

Dungeon Overview and Level Annotations

Branches:
Dungeon (3/15)

Altars:

Annotations:
D:2 Natasha
D:3 Robin


Innate Abilities, Weirdness & Mutations

You are resistant to torment.
Your stone body is resilient. (AC +3)
You are immune to poison.
You resist negative energy. (rN+)
You are resistant to electric shocks. (rElec)
You can survive without breathing.
You are immune to petrification.
You are immune to miasma.


Message History

Unknown command.
You closely miss the goblin. The goblin closely misses you.
Robin hits you from afar with a +0 trident!
* * * LOW HITPOINT WARNING * * *
You block the hobgoblin's attack.
The goblin unwields a +0 hunting sling.
The goblin wields a +0 club.
The goblin barely misses you. x2
The goblin closely misses you. x2
You completely miss the goblin.
The goblin no longer looks unusually strong. x4
Robin throws the goblin at you!
The hobgoblin hits you but does no damage.
You block the goblin's attack.
The goblin hits you but does no damage. x3
The goblin closely misses you. You block the goblin's attack.
The hobgoblin hits you but does no damage.
Robin roars a battlecry!
The goblins go into a battle-frenzy!
The goblin hits you but does no damage. The goblin hits you with a +0 club.
* * * LOW HITPOINT WARNING * * *
The hobgoblin hits you but does no damage.
You barely miss the goblin.
The goblin hits you but does no damage. x2
The goblin hits you.
* * * LOW HITPOINT WARNING * * *
The goblin hits you but does no damage. Robin barely misses you.
The hobgoblin closely misses you. The goblin hits you but does no damage.
The goblin hits you with a +0 club.
* * * LOW HITPOINT WARNING * * *
You block the hobgoblin's attack.
The goblin hits you but does no damage. x2
You sock the goblin!
Your weapon exudes an aura of protection.
You kill the goblin!
The goblin hits you but does no damage. x2
The hobgoblin hits you but does no damage.
Robin hits you from afar with a +0 trident.
* * * LOW HITPOINT WARNING * * *
The goblin hits you but does no damage.
The hobgoblin hits you but does no damage.
The goblin hits you with a +0 club.
* * * LOW HITPOINT WARNING * * *
You block the goblin's attack. x2; The goblin hits you but does no damage.
The hobgoblin hits you.
* * * LOW HITPOINT WARNING * * *
Unknown command.
Unknown command.
Unknown command.
Unknown command.
You barely miss the hobgoblin. The goblin barely misses you.
Robin flexes a bicep menacingly.
The hobgoblin hits you but does no damage.
The goblin hits you with a +0 club.
You die...

###########
#.ggg....(#
#.g@g.....#
#.ggg..?..#
#.g........
#..........#
#...........#
.............#
..............#
##.#...#########
....##


You could see Robin, 3 hobgoblins and 5 goblins.

Vanquished Creatures
  Natasha (D:2)
  2 gnolls
  2 adders (D:2)
  A dart slug (D:1)
  2 leopard geckos
  An orc (D:3)
  2 ball pythons
  5 bats
  4 giant cockroaches
  4 goblins
  2 hobgoblins
  3 jackals
  9 kobolds
  2 quokkas (D:2)
  2 rats (D:1)
42 creatures vanquished.

Notes
Turn   | Place    | Note
-------+----------+-------------------------------------------
     0 | D:1      | MrTaco21 the Gargoyle Fighter began the quest for the Orb.
     0 | D:1      | Reached XP level 1. HP: 14/14 MP: 1/1
   199 | D:1      | Reached XP level 2. HP: 19/19 MP: 2/2
   267 | D:1      | Reached skill level 3 in Maces & Flails
   779 | D:2      | Reached XP level 3. HP: 23/23 MP: 3/3
  1001 | D:2      | Noticed Natasha
  1023 | D:2      | Killed Natasha
  1024 | D:2      | Reached skill level 4 in Maces & Flails
  1024 | D:2      | Reached XP level 4. HP: 26/28 MP: 4/4
  1064 | D:2      | Noticed Natasha
  1291 | D:3      | Noticed Robin
  1307 | D:3      | HP: 1/28 [hobgoblin (2)]
  1308 | D:3      | Slain by a goblin

Illustrated notes

Levels and vault maps discovered:
D:1:      minmay_arrival_four_loops, layout_basic
D:2:      layout_rooms, uniq_natasha
D:3:      layout_rooms, ebering_ghost_sewer_f, uniq_jessica, uniq_robin

Skill      XL: |  1  2  3 |
---------------+----------+-----
Maces & Flails | 3 4 |  4.9
Fighting       | |  3.2
Armour         | |  3.2
Shields        | |  3.2

Action                   |  1- 3 |  4- 6 || total
-------------------------+-------+-------++-------
Melee: Flail             |   130 |    28 ||   158
       Mace              |       |    27 ||    27
Armor: Scale mail        |   115 |   109 ||   224
Dodge: Dodged            |    54 |    64 ||   118
Block: Kite shield       |    85 |    85 ||   170

Table legend: (Time is in decaauts)
 A = Elapsed time spent in this place.
 B = Non-inter-level travel time spent in this place.
 C = Inter-level travel time spent in this place.
 D = Time resting spent in this place.
 E = Time spent auto-exploring this place.
 F = Levels seen in this place.
 G = Mean time per level.
                   A        B        C        D        E       F      G
               +--------+--------+--------+--------+--------+-----+--------+
         Total |   1421 |   1368 |     53 |      0 |    885 |   3 |  473.7 |
       Dungeon |   1421 |   1368 |     53 |      0 |    885 |   3 |  473.7 |
               +--------+--------+--------+--------+--------+-----+--------+

Top non-repeatable levels by time:
     D:1: 772 daAuts
     D:2: 611 daAuts
     D:3: 37 daAuts
